 Dungeon Crawl Stone Soup version 0.30-b1-2-g02819fbbbe (webtiles) character file.

Game seed: 8702394020605494215

(classic levelgen) 41 EnegeticOcto the Covered (level 3, 33/33 HPs)
             Began as a Minotaur Fighter on May 21, 2023.
             Was a Follower of Dithmenos.
             Quit the game on level 1 of the Dungeon.
             The game lasted 00:00:37 (943 turns).

EnegeticOcto the Covered (Minotaur Fighter)          Turns: 943, Time: 00:00:38

Health: 33/33      AC:  7    Str: 22    XL:     3   Next: 32%
Magic:  2/2        EV:  9    Int:  5    God:    Dithmenos [*.....]
Gold:   147        SH:  4    Dex:  9    Spells: 2/2 levels left

rFire   . . .        a - +0 war axe
rCold   . . .        c - +0 buckler
rNeg    . . .        b - +0 scale mail
rPois   .            (helmet restricted)
rElec   .            (no cloak)
rCorr   .            (no gloves)
SInv    .            (no boots)
Will    .....        (no amulet) Stlth
                     (no ring)
HPRegen 0.25/turn    (no ring)
MPRegen 0.08/turn

%: no passive effects
@: wreathed by umbra
A: horns 2, retaliatory headbutt
a: Renounce Religion


You were on level 1 of the Dungeon.
You worshipped Dithmenos.
Dithmenos was aware of your devotion.
You visited 1 branch of the dungeon, and saw 1 of its levels.

You collected 147 gold pieces.

Inventory:

Hand Weapons
 a - a +0 war axe (weapon)
Armour
 b - a +0 scale mail (worn)
 c - a +0 buckler (worn)
Scrolls
 e - a scroll of teleportation {unknown}
 f - a scroll of enchant weapon {unknown}
 g - a scroll of amnesia {unknown}
 h - a scroll of magic mapping {unknown}
 l - a scroll of fog {unknown}
Potions
 d - a potion of might {@q3}
 i - a potion of lignification {unknown}
 j - 2 potions of curing {unknown}
 k - a potion of resistance {unknown}


   Skills:
 + Level 4.0 Fighting
 * Level 3.5 Axes
 + Level 4.0 Armour
 + Level 4.0 Shields


You had 2 spell levels left.
You didn't know any spells.
Your spell library was empty.

Dungeon Overview and Level Annotations

Branches:
Dungeon (1/15)

Altars:
Dithmenos


Innate Abilities, Weirdness & Mutations

You have a pair of horns on your head.
You reflexively headbutt those who attack you in melee.


Message History

You hit the kobold but do no damage. The kobold barely misses you.
You barely miss the kobold. The kobold barely misses you.
A kobold comes into view. It is wielding a +0 short sword.
The kobold hits you with a +0 dagger.
The kobold shouts!
You slash the kobold!
You kill the kobold!
The kobold throws a stone.
The stone hits you but does no damage.
A kobold is nearby!
A kobold is nearby!
Things that are here:
a +0 dagger; a kobold corpse You block the kobold's attack.
You barely miss the kobold.
The kobold hits you with a +0 short sword.
A kobold is nearby!
A kobold is nearby!
A kobold is nearby!
You closely miss the kobold. The kobold barely misses you.
The kobold closely misses you.
You closely miss the kobold.
The kobold hits you with a +0 short sword.
You closely miss the kobold.
The kobold hits you with a +0 short sword.
A kobold is nearby!
A kobold is nearby!
You closely miss the kobold. The kobold barely misses you.
You furiously retaliate!
You headbutt the kobold!
You kill the kobold!
No target in view!
No target in view!
Things that are here:
a +0 short sword; 5 stones A frilled lizard comes into view.
A frilled lizard is nearby!
The frilled lizard hisses angrily.
You miss the frilled lizard.
Your headbutt misses the frilled lizard.
The frilled lizard bites you but does no damage.
You hit the frilled lizard but do no damage.
The frilled lizard barely misses you.
You slash the frilled lizard!
You kill the frilled lizard!
Found a faded altar of an unknown god.
There is a faded altar of an unknown god here.
There is a faded altar of an unknown god here.
Things that are here:
a +0 short sword; 5 stones
Things that are here:
a +0 dagger; a kobold corpse You now have 147 gold pieces (gained 12).
Things that are here:
a +0 club; a +0 dagger You see here a +0 leather armour.
There is an open door here.
There is an open door here.
There is an open door here.
Things that are here:
a +0 whip; 3 stones
There is a stone staircase leading down here.
A quokka comes into view.
A quokka is nearby!
The quokka bites you but does no damage.
You miss the quokka. Your headbutt misses the quokka.
You block the quokka's attack. The quokka barely misses you.
You furiously retaliate!
You headbutt the quokka!
You kill the quokka!
No target in view!
No target in view!
No target in view!
No target in view!
You see here a quokka corpse.
There is an open door here.
There is an open door here.
There is a stone staircase leading down here.
l - a scroll labelled GIT NUPROS Done exploring.
Done exploring.
Done exploring.
No target in view!
Things that are here:
a +0 whip; 3 stones
There is an open door here.
There is an open door here.
Things that are here:
a +0 club; a +0 club
There is an open door here.
You see here a +0 leather armour.
Things that are here:
a +0 club; a +0 dagger
Things that are here:
a +0 dagger; a kobold skeleton
Things that are here:
a +0 short sword; 5 stones
There is a faded altar of an unknown god here.
This altar belongs to (a) Ignis, (b) Gozag or (c) Dithmenos, but you can't tell which.
Press the corresponding letter to learn more about a god, or press enter to convert or escape to cancel.
Dithmenos accepts your prayer! Dithmenos welcomes you!
You are shrouded in an aura of darkness!
Are you sure you want to abandon this character and quit the game? (Confirm with "yes".)

#....####
####....##
####..#
##.######
#.#....#
########
#.#....#
####......#
#.'....#
#....♣♣...#
###....##
#...♣@..P.#
#.....+
#...♣..♣..#
#.....#
#....♣♣...#
#..))..
#.........#
##...)##
#.........#
#.....##
#.........#
#.....#
#.........##
#...###
#..........#
#...#
#..........#
#...#


There were no monsters in sight!

Vanquished Creatures
  2 endoplasms (D:1)
  2 giant cockroaches (D:1)
  5 goblins (D:1)
  3 hobgoblins (D:1)
  4 jackals (D:1)
  4 kobolds (D:1)
  3 quokkas (D:1)
  3 ball pythons (D:1)
  3 bats (D:1)
  4 frilled lizards (D:1)
  2 rats (D:1)
  3 toadstools (D:1)
38 creatures vanquished.

Vanquished Creatures (others)
  4 fungi (D:1)
  A toadstool (D:1)
  10 withered plants (D:1)
15 creatures vanquished.

Grand Total: 53 creatures vanquished

Notes
Turn   | Place    | Note
-------+----------+-------------------------------------------
     0 | D:1      | EnegeticOcto the Minotaur Fighter began the quest for the
                  | Orb.
     0 | D:1      | Reached XP level 1. HP: 19/19 MP: 0/0
   121 | D:1      | Reached XP level 2. HP: 17/27 MP: 1/1
   380 | D:1      | Reached XP level 3. HP: 33/33 MP: 2/2
   632 | D:1      | Found a faded altar of an unknown god.
   942 | D:1      | Prayed at the altar of an unknown god.
   942 | D:1      | Became a worshipper of Dithmenos the Shadowed
   942 | D:1      | Reached * piety under Dithmenos
   943 | D:1      | Quit the game

Illustrated notes

Levels and vault maps discovered:
D:1:      mrwooster_arrival_arrow, layout_basic,
          ebering_ecumenical_altar_petrified, minmay_gold_behind_fungi,
          minmay_vboxes

Skill      XL: |  1  2  3 |
---------------+----------+-----
Axes           | 3 |  3.5
Armour         | 4 |  4.0
Fighting       | 4 |  4.0
Shields        | 4 |  4.0

Action                     || total
---------------------------++-------
  Melee: War axe           ||    88
         Headbutt          ||     9
 Armour: Scale mail        ||    37
  Dodge: Dodged            ||    41
  Block: Buckler           ||    17
